 Dungeon Crawl Stone Soup version 0.18.1-48-g4cf74bf (webtiles) character file.

6074 TuxedoFelix the Protected (level 10, -3/88 HPs)
             Began as a Minotaur Berserker on July 15, 2016.
             Was an Elder of Trog.
             Slain by a warg (10 damage)
             ... led by an orc knight
             ... while paralysed by you
             ... on level 1 of the Orcish Mines.
             The game lasted 01:26:29 (11289 turns).

TuxedoFelix the Protected (Minotaur Berserker)     Turns: 11289, Time: 01:26:30

Health: -3/88      AC: 21    Str: 30    XL:     10   Next: 57%
Magic:  9/9        EV:  2    Int:  4    God:    Trog [****..]
Gold:   0          SH:  0    Dex: 10    Spells: 0 memorised, 9 levels left

rFire  . . .     SeeInvis .     U - +1 halberd (chop)
rCold  . . .     Gourm    .     k - +0 plate armour
rNeg   . . .     Faith    .     (shield currently unavailable)
rPois  .         Spirit   .     (helmet restricted)
rElec  .         Dismiss  .     (no cloak)
rCorr  .         Reflect  +     u - +0 pair of gloves
SustAt .         Harm     .     f - +0 pair of boots
MR     .....                    Q - +4 amulet of reflection
Stlth  ..........               P - +3 ring of protection
                                i - +5 ring of strength

@: confused, paralysed, lethally poisoned (-3 -> -16), exhausted, slowed, not
resistant to hostile enchantments, extremely unstealthy
A: retaliatory headbutt, horns 2
a: Berserk, Trog's Hand, Brothers in Arms, Burn Spellbooks, Renounce Religion


You were on level 1 of the Orcish Mines.
You worshipped Trog.
Trog was greatly pleased with you.
You were not hungry.

You visited 3 branches of the dungeon, and saw 11 of its levels.

You collected 658 gold pieces.
You spent 658 gold pieces at shops.

Inventory:

Hand Weapons
 D - a +3 trident of venom
 U - a +1 halberd of chopping (weapon)
Missiles
 r - 309 stones
 w - a tomahawk
 J - a silver tomahawk
 L - a steel javelin (quivered)
Armour
 f - a +0 pair of boots (worn)
 k - a +0 plate armour (worn)
 l - a +0 buckler
 u - a +0 pair of gloves (worn)
Jewellery
 i - a +5 ring of strength (left hand)
 P - a +3 ring of protection (right hand)
 Q - a +4 amulet of reflection (around neck)
Wands
 e - a wand of digging (15/24)
 x - a wand of random effects (21/48)
 B - a wand of flame (22/48)
 E - a wand of flame (9/48)
 M - a wand of acid (11/15)
 S - a wand of paralysis (7/24)
Scrolls
 a - a scroll of silence {unknown}
 b - 5 scrolls of magic mapping
 c - a scroll of random uselessness {unknown}
 g - a scroll of recharging {unknown}
 n - a scroll of remove curse
 p - a scroll of blinking
 q - 3 scrolls of fear
 t - 6 scrolls of teleportation
 I - a scroll of fog {unknown}
 N - a scroll of immolation {unknown}
 O - a scroll of noise {unknown}
Potions
 m - 2 potions of brilliance
 o - 3 potions of curing
 v - a potion of mutation {unknown}
 z - a potion of berserk rage {unknown}
 A - 4 potions of lignification
 H - a potion of flight {unknown}
 R - a potion of might
Books
 h - the Volume of Destructive Beguiling
   (You found it on level 6 of the Dungeon)

   Spells                             Type                      Level
   a - Summon Guardian Golem          Hexes/Summoning              3
   b - Cause Fear                     Hexes                        4
   c - Conjure Ball Lightning         Conjuration/Air              6
   d - Delayed Fireball               Conjuration/Fire             7
   Trog disapproves of the use of such an item.
 j - Xuurphiu's Guide on Assistive Conjuration
   (You found it on level 6 of the Dungeon)

   Spells                             Type                      Level
   a - Regeneration                   Charms/Necromancy            3
   b - Spectral Weapon                Hexes/Charms                 3
   c - Fulminant Prism                Conjuration/Hexes            4
   Trog disapproves of the use of such an item.
Miscellaneous
 y - a stone of tremors
 F - a box of beasts {used: 1}
 G - a sack of spiders {used: 1}
Comestibles
 s - 7 fruits
 C - 2 meat rations
 K - 10 royal jellies


   Skills:
 + Level 8.1 Fighting
   Level 7.6(8.5) Axes
 + Level 5.7(7.5) Polearms
 + Level 6.6 Throwing
 + Level 11.0 Armour
 + Level 3.8 Dodging
 + Level 1.2 Stealth
 + Level 5.8 Shields


You had 9 spell levels left.
You didn't know any spells.

Dungeon Overview and Level Annotations

Branches:
Dungeon (9/15)             Temple (1/1) D:6            Lair (0/8) D:8
    Orc (1/2) D:9

Altars:
Ashenzari
Cheibriados
Dithmenos
Elyvilon
Fedhas
Gozag
Kikubaaqudgha
Makhleb
Nemelex Xobeh
Okawaru
Pakellas
Qazlal
Ru
Sif Muna
Trog
Vehumet
Xom
Yredelemnul
Zin
The Shining One

Shops:
D:5 }   D:8 !   Orc:1 %*(


Innate Abilities, Weirdness & Mutations

You reflexively headbutt those who attack you in melee.
You have a pair of horns on your head.


Message History

The warg bites you but does no damage.
The orc warrior hits you with a hand axe of venom.
* * * LOW HITPOINT WARNING * * *
You are lethally poisoned!
Zapping:
S - a wand of paralysis (will waste charges)
Press: ? - help, Shift-Dir - straight line, f/p - warg
Aim: a warg (heavily wounded, chance to defeat MR: 28%)
You suddenly lose the ability to move!
Evoking this partially-identified wand wasted a few charges.
You feel very sick.
The orc no longer looks unusually strong.
The warg bites you but does no damage. x2
Your larval stingweird beast barely misses the warg.
Your larval stingweird beast stings the warg.
The orc knight hits you with an uncursed great sword.
* * * LOW HITPOINT WARNING * * *
The warg bites you!
* * * LOW HITPOINT WARNING * * *
The warg bites you!
You die...

#..)§o.#
#...#(.).## ## ##
##......## .##.#♣.
##.∩.##.# ...♣.∩.
#..(.....##.#...♣.
#...#(....$........
#..........oH......
#.. ......hoh......
......o@....>..
...#...........
..#...>....$...
#..............
.....#......#..
#.....#...$....
.........$#.#..
.....$....###..


You could see an orc knight, 2 wargs, an orc warrior, an orc and a friendly
larval stingweird beast.

Vanquished Creatures
  Pikel (D:4)
  Joseph (D:8)
  2 trolls (Orc:1)
  2 two-headed ogres
  Grinder (D:5)
  Eustachio (D:4)
  2 hungry ghosts
  Menkaure (D:7)
  A warg (D:8)
  A sky beast (D:6)
  6 orc warriors
  A phantom (D:8)
  5 ogres
  2 slaves (D:4)
  5 centaurs
  A big kobold (D:8)
  A giant frog (D:8)
  A gnoll sergeant (D:6)
  3 scorpions
  A howler monkey (D:6)
  4 jellies
  2 crimson imps
  A centaur zombie (D:7)
  A giant frog zombie (D:5)
  A centaur skeleton (D:4)
  3 hounds (D:5)
  12 orc priests
  A giant frog skeleton (D:3)
  3 iguanas
  9 orc wizards
  2 worker ants
  2 hound skeletons
  15 adders
  3 gnolls (D:6)
  2 howler monkey skeletons
  2 shadow imps
  6 oozes
  2 dart slugs (D:1)
  4 giant geckos
  45 orcs
  A ball python (D:5)
  5 giant cockroaches
  5 goblins
  6 hobgoblins
  4 jackals (D:3)
  12 kobolds
  5 quokkas
  7 bats
  A giant gecko skeleton (D:4)
  A giant gecko zombie (D:6)
  12 giant newts
  2 quokka skeletons
  19 rats
239 creatures vanquished.

Vanquished Creatures (collateral kills)
  A warg (D:8)
  2 orc priests (D:8)
  2 orcs (Orc:1)
5 creatures vanquished.

Vanquished Creatures (others)
  A worker ant (D:4)
  An orc (D:4)
  A goblin (D:4)
3 creatures vanquished.

Grand Total: 247 creatures vanquished

Notes
Turn   | Place    | Note
--------------------------------------------------------------
     0 | D:1      | TuxedoFelix the Minotaur Berserker began the quest for the Orb.
     0 | D:1      | Reached XP level 1. HP: 19/19 MP: 0/0
   723 | D:1      | Reached XP level 2. HP: 27/27 MP: 1/1
  1350 | D:2      | Reached ** piety under Trog
  1350 | D:2      | Reached XP level 3. HP: 30/33 MP: 2/2
  1414 | D:2      | Found a blossoming altar of Fedhas.
  1511 | D:2      | Reached skill level 3 in Armour
  1712 | D:2      | Reached XP level 4. HP: 38/40 MP: 3/3
  2364 | D:3      | Reached skill level 1 in Throwing
  2837 | D:3      | Reached *** piety under Trog
  2837 | D:3      | Reached XP level 5. HP: 47/47 MP: 4/4
  2859 | D:3      | Reached skill level 4 in Armour
  2859 | D:3      | Reached skill level 1 in Shields
  3359 | D:4      | Reached skill level 5 in Axes
  3368 | D:4      | Noticed Eustachio
  3382 | D:4      | Killed Eustachio
  3382 | D:4      | Reached XP level 6. HP: 53/53 MP: 5/5
  3816 | D:4      | Noticed a slave
  3832 | D:4      | Noticed Pikel
  3832 | D:4      | Noticed a slave
  3835 | D:4      | Killed a slave
  3837 | D:4      | Noticed a slave
  3841 | D:4      | Killed a slave
  3849 | D:4      | Noticed a slave
  3849 | D:4      | Killed Pikel
  3849 | D:4      | Reached skill level 5 in Fighting
  3849 | D:4      | Reached skill level 6 in Armour
  3849 | D:4      | Reached XP level 7. HP: 61/61 MP: 6/6
  4560 | D:4      | Reached XP level 8. HP: 65/68 MP: 7/7
  4823 | D:4      | Found an opulent altar of Gozag.
  5030 | D:5      | Entered Level 5 of the Dungeon
  5159 | D:5      | Reached **** piety under Trog
  5164 | D:5      | Reached skill level 7 in Armour
  5585 | D:5      | Found an oddly glowing altar of Pakellas.
  5619 | D:5      | Found Qentulus's Gadget Emporium.
  5669 | D:5      | Bought a box of beasts for 200 gold pieces
  5669 | D:5      | Bought a sack of spiders for 200 gold pieces
  5764 | D:5      | Noticed Grinder
  5774 | D:5      | Killed Grinder
  5774 | D:5      | Reached skill level 8 in Armour
  5939 | D:6      | Found a large runed door.
  5939 | D:6      | Found a large runed door.
  6107 | D:6      | Found a large runed door.
  6112 | D:6      | Found a large runed door.
  6155 | D:6      | Reached XP level 9. HP: 64/75 MP: 8/8
  6784 | D:6      | Received a gift from Trog
  6786 | D:6      | Reached skill level 1 in Polearms
  6796 | D:6      | Reached skill level 9 in Armour
  7451 | D:6      | Found a staircase to the Ecumenical Temple.
  7460 | Temple   | Entered the Ecumenical Temple
  7905 | D:6      | Identified the Volume of Destructive Beguiling
  7921 | D:6      | Identified Xuurphiu's Guide on Assistive Conjuration
  8059 | D:6      | Reached skill level 5 in Throwing
  8064 | D:6      | Got a thick robe
  8609 | D:7      | Noticed Menkaure
  8619 | D:7      | Killed Menkaure
  8619 | D:7      | Reached skill level 10 in Armour
  8862 | D:7      | Found a glowing silver altar of Zin.
  9137 | D:8      | Reached ***** piety under Trog
  9147 | D:8      | Found Oneirghe's Distillery.
  9207 | D:8      | Found a white marble altar of Elyvilon.
  9229 | D:8      | Bought a potion of curing for 45 gold pieces
  9229 | D:8      | Bought 2 potions of might for 120 gold pieces
  9245 | D:8      | Noticed Joseph
  9259 | D:8      | Killed Joseph
  9299 | D:8      | Reached XP level 10. HP: 29/86 MP: 9/9
  9570 | D:8      | Found a snail-covered altar of Cheibriados.
  9576 | D:8      | Found a basalt altar of Yredelemnul.
  9611 | D:8      | Found a staircase to the Lair.
  9622 | D:8      | Reached skill level 5 in Shields
 10124 | D:8      | Found a sacrificial altar of Ru.
 10306 | D:8      | Reached skill level 5 in Polearms
 10367 | D:8      | Received a gift from Trog
 10679 | D:8      | Found an iron altar of Okawaru.
 10894 | D:9      | Found a staircase to the Orcish Mines.
 10909 | Orc:1    | Entered Level 1 of the Orcish Mines
 10935 | Orc:1    | Reached skill level 1 in Stealth
 10942 | Orc:1    | Reached skill level 11 in Armour
 11221 | Orc:1    | Found Ziakli's Food Emporium.
 11235 | Orc:1    | Bought a beef jerky for 16 gold pieces
 11235 | Orc:1    | Bought a royal jelly for 22 gold pieces
 11235 | Orc:1    | Bought a meat ration for 55 gold pieces
 11258 | Orc:1    | Noticed an orc knight
 11258 | Orc:1    | Found Uhiulast's Assorted Antiques.
 11277 | Orc:1    | HP: 4/88 [warg (2)]
 11278 | Orc:1    | Found Doihe's Antique Weapon Shoppe.
 11289 | Orc:1    | Paralysed by you for 2 turns
 11289 | Orc:1    | Slain by a warg

Skill      XL: |  1  2  3  4  5  6  7  8  9 10 |
---------------+-------------------------------+-----
Axes           | 4 5 6 7 |  7.6
Fighting       | 4 5 6 7 8 |  8.1
Armour         | 3 4 6 8 10 11 | 11.0
Throwing       | 1 2 4 5 6 |  6.6
Shields        | 1 2 3 4 5 |  5.8
Dodging        | 3 |  3.8
Polearms       | 4 5 |  5.7
Stealth        | 1 |  1.2

Action                   |  1- 3 |  4- 6 |  7- 9 | 10-12 || total
-------------------------+-------+-------+-------+-------++-------
Melee: Hand axe          |    82 |   139 |    98 |       ||   319
       Headbutt          |    12 |    18 |    71 |    21 ||   122
       Trident           |       |       |   211 |    45 ||   256
       Halberd           |       |       |       |    35 ||    35
Throw: Tomahawk          |     4 |    20 |    47 |     7 ||    78
       Stone             |     3 |    55 |    14 |     3 ||    75
       Throwing net      |       |     1 |     1 |       ||     2
       Javelin           |       |       |       |    15 ||    15
Invok: Berserk           |       |     2 |     3 |     3 ||     8
       Burn Spellbooks   |       |       |     1 |       ||     1
       Brothers in Arms  |       |       |       |     2 ||     2
Evoke: Wand              |       |       |       |     1 ||     1
       Box of beasts     |       |       |       |     1 ||     1
       Sack of spiders   |       |       |       |     1 ||     1
  Use: Scroll            |       |     4 |    12 |     4 ||    20
       Potion            |       |       |     1 |     6 ||     7
  Eat: Beef jerky        |     2 |     2 |       |     1 ||     5
       Meat ration       |       |     1 |     4 |     1 ||     6
       Bread ration      |       |       |     3 |       ||     3
       Fruit             |       |       |     4 |     1 ||     5
       Pizza             |       |       |     1 |       ||     1
       Royal jelly       |       |       |       |     1 ||     1
Armor: Plate armour      |    53 |   144 |   179 |    38 ||   414
       Animal skin       |     1 |       |       |       ||     1
Dodge: Dodged            |    23 |    85 |   126 |    44 ||   278
Block: Buckler           |    15 |    23 |    73 |    11 ||   122
       Other             |       |       |       |    11 ||    11
       Reflection        |       |       |       |     1 ||     1
